 Seeded DCSS version 0.29-a0-1023-g6ae1a4a2c7 (webtiles) character file.

Game seed: 5070638151313211060 (custom seed)

40 bwicke the Gusty (level 3, -2/19 HPs)
             Began as a Tengu Air Elementalist on Aug 11, 2022.
             Slain by an orc
             ... wielding a +0 trident
              (4 damage)
             ... on level 3 of the Dungeon.
             The game lasted 00:03:56 (1964 turns).

bwicke the Gusty (Tengu Air Elementalist)           Turns: 1964, Time: 00:03:56

Health: -2/19      AC:  3    Str:  8    XL:     3   Next: 50%
Magic:  2/7        EV: 12    Int: 17    God:
Gold:   54         SH:  0    Dex: 14    Spells: 3/6 levels left

rFire   . . .      SeeInvis .   h - +0 dagger
rCold   . . .      Faith    .   (no shield)
rNeg    . . .      Spirit   .   a - +1 robe
rPois   +          Reflect  .   (helmet restricted)
rElec   .          Harm     .   (no cloak)
rCorr   .          Rampage  .   (no gloves)
Will    .....                   (boots unavailable)
Stlth   ++........              (no amulet)
HPRegen 0.06/turn               j - ring of poison resistance
MPRegen 0.10/turn               (no ring)

@: no status effects
A: beak, talons 3
a: no special abilities


You were on level 3 of the Dungeon.
You visited 1 branch of the dungeon, and saw 3 of its levels.

You collected 54 gold pieces.

Inventory:

Hand Weapons
 h - a +0 dagger (weapon)
 i - a +0 sling
 k - a +0 trident
Missiles
 e - 5 poisoned darts
Armour
 a - a +1 robe (worn)
Jewellery
 j - a ring of poison resistance (left hand)
Scrolls
 g - a scroll of vulnerability {unknown}
 l - a scroll of noise {unknown}
 n - a scroll of identify {unknown}
Potions
 b - a potion of magic
 c - 2 potions of lignification {unknown}
 d - a potion of curing {unknown}
 f - 3 potions of heal wounds {unknown}
 m - a potion of berserk rage {unknown}


   Skills:
 - Level 2.1 Dodging
 - Level 2.0 Stealth
 - Level 2.0 Spellcasting
 - Level 1.3 Conjurations
 + Level 5.9 Air Magic


You had 3 spell levels left.
You knew the following spells:

 Your Spells              Type           Power      Damage    Failure   Level
a - Shock                 Conj/Air       56%        1d6       4%          1
b - Static Discharge      Conj/Air       14%        3-5/arc   7%          2

Your spell library contained the following spells:

 Spells                   Type           Power      Damage    Failure   Level
 Swiftness                Air            21%        N/A       4%          3
 Poisonous Vapours        Pois/Air       22%        N/A       9%          2
 Sting                    Tmut/Pois      4%         1d3       19%         1
 Summon Small Mammal      Summ           4%         N/A       19%         1
 Call Canine Familiar     Summ           1%         N/A       50%         3
 Summon Guardian Golem    Hex/Summ       1%         N/A       50%         3
 Airstrike                Air            10%        2d(2-18)  17%         4
 Olgreb's Toxic Radiance  Pois           1%         N/A       88%         4


Dungeon Overview and Level Annotations

Branches:
Dungeon (3/15)

Altars:

Annotations:
D:1 1 transporter


Innate Abilities, Weirdness & Mutations

You have a beak for a mouth.
You have claws for feet.


Message History

The orc shouts!
The orc wizard shouts!
The orc shouts!
The orc hits you with a +0 trident! The orc barely misses you.
The orc attacks as you move away! The orc hits you but does no damage.
The bat closely misses you. The bat hits you but does no damage.
The orc completely misses you.
The orc throws a boomerang.
The boomerang hits you. The bat barely misses you.
The orc wizard casts a spell at you. The puff of flame hits you.
* * * LOW HITPOINT WARNING * * *
The bat hits you.
* * * LOW HITPOINT WARNING * * *
The bat attacks as you move away! The bat hits you but does no damage. x2
The bat barely misses you. The bat attacks as you move away!
The bat hits you but does no damage. x2
The bat hits you but does no damage. The bat closely misses you.
Casting: Shock (safe; 4% risk of failure)
Confirm with . or Enter, or press ? or * to list all spells.
The bat is struck by an arc of lightning.
You kill the bat!
You are struck by an arc of lightning.
* * * LOW HITPOINT WARNING * * *
The orc throws a boomerang.
The boomerang misses you.
The orc wizard casts a spell.
The orc wizard flickers and vanishes!
Deactivating autopickup; reactivate with Ctrl-A.
The orc misses you.
Aiming: Shock (safe; 4% risk of failure)
Press: ? - help, Q - select action, (/) - cycle Shift-Dir - straight line The zap hits the orc.
The orc is moderately wounded.
Casting: Shock (safe; 4% risk of failure)
Confirm with . or Enter, or press ? or * to list all spells.
The orc is struck by an arc of lightning.
The orc is severely wounded.
You are struck by an arc of lightning.
* * * LOW HITPOINT WARNING * * *
The lightning grounds out.
The orc barely misses you.
The orc hits you from afar with a +0 trident.
You die...

................................>
####.#.#####....####.#.#.#####.#.
.....#.#.............#...#..<#.#
.........................#.###.#
#....###...###..########.#.....#
#......+...........# #.#######
#..†#.##...###..##+### #.#
#...#..#...##.oo.....# #
#...##.#...##..#@....#
....##.######.o#.....#
#..............#.....#
##...........#.#.....#
..........:o.........#
##...........#.#.....#
#####...{...........#
#................
#...............


You could see 2 orcs.

Vanquished Creatures
  A gnoll (D:1)
  A worm (D:2)
  A dart slug (D:2)
  2 bats
  5 endoplasms
  A giant cockroach (D:3)
  A goblin (D:1)
  A hobgoblin (D:2)
  A quokka (D:1)
  3 ball pythons
  4 kobolds
  4 rats
25 creatures vanquished.

Notes
Turn   | Place    | Note
-------+----------+-------------------------------------------
     0 | D:1      | bwicke the Tengu Air Elementalist began the quest for the
                  | Orb.
     0 | D:1      | Reached XP level 1. HP: 10/10 MP: 4/4
   285 | D:1      | Reached XP level 2. HP: 15/15 MP: 4/6
   344 | D:1      | Reached skill level 5 in Air Magic
   803 | D:1      | Reached XP level 3. HP: 19/19 MP: 7/7
   966 | D:2      | Learned a level 2 spell: Static Discharge
  1428 | D:2      | Identified the +2 helmet "Osikhywy" {Rampage Drain rC+++
                  | rCorr}
  1964 | D:3      | Slain by an orc

Illustrated notes

Levels and vault maps discovered:
D:1:      spicycebolla_arrival_risky_transporter, layout_basic,
          dreamdust_princess_corridor
D:2:      layout_basic, chequers_decorated_corner
D:3:      layout_basic, lemuel_round_altar

Skill      XL: |  1  2 |
---------------+-------+-----
Air Magic      | 5 |  5.9
Dodging        | |  2.1
Stealth        | |  2.0
Spellcasting   | |  2.0
Conjurations   | |  1.3

Action                   || total
-------------------------++-------
Melee: Unarmed           ||     5
       Peck              ||     4
       Kick              ||     3
       Dagger            ||    17
 Cast: Shock             ||    26
       Static Discharge  ||     6
  Use: Scroll            ||     2
 Stab: Sleeping          ||     6
Armor: Robe              ||    16
Dodge: Dodged            ||    29

Table legend: (Time is in decaauts)
 A = Elapsed time spent in this place.
 B = Non-inter-level travel time spent in this place.
 C = Inter-level travel time spent in this place.
 D = Time resting spent in this place.
 E = Time spent auto-exploring this place.
 F = Levels seen in this place.
 G = Mean time per level.
                   A        B        C        D        E       F      G
               +--------+--------+--------+--------+--------+-----+--------+
         Total |   1962 |   1910 |     52 |      0 |   1625 |   3 |  654.0 |
       Dungeon |   1962 |   1910 |     52 |      0 |   1625 |   3 |  654.0 |
               +--------+--------+--------+--------+--------+-----+--------+

Top non-repeatable levels by time:
     D:1: 961 daAuts
     D:2: 917 daAuts
     D:3: 83 daAuts
